 Dungeon Crawl Stone Soup version 0.30-a0-1103-g25895a7845 (webtiles) character file.

Game seed: 10327377905635973313

16483 NateTC the Cleaver (level 12, -1/113 HPs)
             Began as a Minotaur Berserker on Apr 19, 2023.
             Was a High Priest of Trog.
             Slain by a nine-headed hydra (9 damage)
             ... on level 2 of the Lair of Beasts.
             The game lasted 00:24:33 (12308 turns).

NateTC the Cleaver (Minotaur Berserker)            Turns: 12308, Time: 00:24:33

Health: -1/113     AC: 18    Str: 28    XL:     12   Next: 10%
Magic:  11/11      EV:  6    Int:  4    God:    Trog [*****.]
Gold:   591        SH: 18    Dex:  9    Spells: 11/11 levels left

rFire   . . .      SeeInvis .    a - +1 war axe
rCold   . . .      Faith    .    v - +2 tower shield
rNeg    . . .      Spirit   .    q - +0 plate armour
rPois   +          Reflect  .    (helmet restricted)
rElec   .          Rampage  .    m - +1 cloak
rCorr   .                        (no gloves)
Will    ++...                    z - +0 pair of boots Stlth
                                 C - amulet of the acrobat
HPRegen 1.38/turn                h - +4 ring of slaying
MPRegen 0.12/turn                i - ring of poison resistance

@: strong-willed, regenerating, slowed, very slow
A: horns 2, retaliatory headbutt
a: Renounce Religion, Berserk, Trog's Hand, Brothers in Arms


You were on level 2 of the Lair of Beasts.
You worshipped Trog.
Trog was extremely pleased with you.
You visited 2 branches of the dungeon, and saw 13 of its levels.
You also visited: Sewer.

You collected 785 gold pieces.
You spent 194 gold pieces at shops.

Inventory:

Hand Weapons
 a - a +1 war axe (weapon)
 e - a +3 executioner's axe of flaming
Armour
 m - a +1 cloak (worn)
 q - a +0 plate armour (worn)
 v - a +2 tower shield (worn)
 z - a +0 pair of boots (worn)
Jewellery
 h - a +4 ring of slaying (left hand)
 i - a ring of poison resistance (right hand)
 j - a ring of protection from fire
 l - a +6 ring of dexterity
 y - a ring of resist corrosion
 C - an amulet of the acrobat (around neck)
 F - an amulet of guardian spirit
Wands
 p - a wand of flame (14)
 r - a wand of polymorph (1)
Scrolls
 k - a scroll of enchant weapon
 o - 8 scrolls of teleportation
 t - a scroll of noise
 w - a scroll of blinking
 x - 2 scrolls of identify
 E - a scroll of silence
Potions
 b - 3 potions of lignification
 c - a potion of ambrosia
 d - 3 potions of flight
 f - 3 potions of resistance
 g - a potion of curing
 n - 4 potions of mutation
 s - a potion of cancellation
 u - a potion of attraction
 A - 2 potions of haste
 B - a potion of might
 D - a potion of heal wounds
Miscellaneous
 G - a phantom mirror (inert)


   Skills:
 * Level 12.9 Fighting
 - Level 13.3 Axes
 * Level 9.8 Armour
 - Level 4.1 Dodging
 - Level 12.0 Shields


You had 11 spell levels left.
You didn't know any spells.
Your spell library was empty.

Dungeon Overview and Level Annotations

Branches:
Dungeon (11/15) Zot: 26643  Temple (0/1) D:4            Lair (2/5) D:10 Zot: 10744
    Orc (0/2) D:9           Sewer (visited)
  Swamp: Lair:2-3    Shoals: Lair:2-3     Snake: Lair:2-3    Spider: Lair:2-3

Altars:
Cheibriados
Gozag
Hepliaklqana
Kikubaaqudgha
Makhleb
Okawaru
Qazlal
Sif Muna
Uskayaw
Xom

Shops:
D:3 *   D:5 [   D:7 [?(   D:8 !


Innate Abilities, Weirdness & Mutations

You have a pair of horns on your head.
You reflexively headbutt those who attack you in melee.


Message History

Your seven-headed hydra bites the nine-headed hydra!
Your seven-headed hydra bites the nine-headed hydra.
Your seven-headed hydra bites the nine-headed hydra!
The nine-headed hydra bites your seven-headed hydra! x2
The nine-headed hydra bites your seven-headed hydra.
The nine-headed hydra bites your seven-headed hydra!
The nine-headed hydra bites your seven-headed hydra. x2
The nine-headed hydra bites your seven-headed hydra! x2
Your seven-headed hydra dies!
Your seven-headed hydra's corpse shimmers and vanishes!
The nine-headed hydra bites you but does no damage.
You block the nine-headed hydra's attack.
The nine-headed hydra bites you but does no damage. x2
You block the nine-headed hydra's attack.
The nine-headed hydra bites you but does no damage.
The nine-headed hydra bites you.
* * * LOW HITPOINT WARNING * * *
The nine-headed hydra completely misses you.
The nine-headed hydra bites you but does no damage.
You block the nine-headed hydra's attack.
You feel better.
You block the nine-headed hydra's attack. x2
The nine-headed hydra bites you.
* * * LOW HITPOINT WARNING * * *
The nine-headed hydra bites you but does no damage.
You block the nine-headed hydra's attack.
The nine-headed hydra bites you but does no damage. x2
The nine-headed hydra completely misses you.
The nine-headed hydra bites you!
* * * LOW HITPOINT WARNING * * *
Your skin crawls.
You feel strong-willed.
You block the nine-headed hydra's attack. x2
The nine-headed hydra bites you but does no damage. x2
The nine-headed hydra bites you!
* * * LOW HITPOINT WARNING * * *
The nine-headed hydra bites you but does no damage.
The nine-headed hydra barely misses you.
The nine-headed hydra bites you!
You die...

............#
...........##
............ #
#.......$..#
#.#.........###
#..#..........#
^##...D[......#
#......@?.....#
#.#P?........P##
..^............#
###^..........##
#.............#
^##..........###
.##.#.^.......#.# ##
#.##.........#..##### #.
.^.................####.


You could see a nine-headed hydra.

Vanquished Creatures
  Gastronok (Lair:2)
  Sonja (Lair:1)
  An ugly thing (D:9)
  A wolf spider (Lair:2)
  A black mamba (Lair:1)
  A rust devil (D:10)
  4 cane toads
  An orange demon (D:10)
  An unseen horror (D:7)
  A rime drake (Lair:1)
  A komodo dragon (Lair:1)
  2 kobold demonologists (D:9)
  An ice devil (D:10)
  2 hellwings (D:10)
  2 hornets
  Prince Ribbit (D:6)
  Sigmund (D:4)
  A shadow (D:10)
  2 vampires (D:10)
  2 wyverns (Lair:1)
  17 yaks
  6 water moccasins
  A warg (D:9)
  Duvessa (D:5)
  8 orc warriors
  3 ice beasts
  3 sky beasts
  A black bear (D:5)
  4 ogres
  4 centaurs
  2 phantoms (D:6)
  3 kobold brigands
  6 bullfrogs
  3 gnoll sergeants (D:9)
  A scorpion (D:6)
  Dowan (D:5)
  A jelly (D:8)
  14 killer bees
  3 electric eels (D:6)
  4 howler monkeys
  3 quasits (D:10)
  A hound (D:4)
  12 orc priests
  Crazy Yiuf (D:2)
  5 iguanas
  4 hell rats (Lair:2)
  9 orc wizards
  8 adders
  17 gnolls
  A white imp (D:5)
  An ufetubus (D:6)
  A worm (D:4)
  A dart slug (D:2)
  60 orcs
  12 ball pythons
  5 bats
  9 endoplasms
  7 giant cockroaches
  6 goblins
  12 hobgoblins
  8 jackals
  3 quokkas
  4 frilled lizards
  24 kobolds
  7 rats
335 creatures vanquished.

Vanquished Creatures (others)
  A demonic plant (D:10)
  5 fungi
  27 plants
33 creatures vanquished.

Grand Total: 368 creatures vanquished

Notes
Turn   | Place    | Note
-------+----------+-------------------------------------------
     0 | D:1      | NateTC the Minotaur Berserker began the quest for the Orb.
     0 | D:1      | Reached XP level 1. HP: 19/19 MP: 0/0
    95 | D:1      | Reached XP level 2. HP: 27/27 MP: 1/1
   322 | D:1      | Found a faded altar of an unknown god.
   323 | D:1      | Reached skill level 4 in Axes
   584 | D:1      | Reached ** piety under Trog
   585 | D:1      | Reached XP level 3. HP: 33/33 MP: 2/2
  1203 | D:2      | Reached XP level 4. HP: 41/41 MP: 3/3
  1719 | D:2      | Found a runed translucent door.
  1720 | D:2      | Noticed Crazy Yiuf
  1724 | D:2      | Killed Crazy Yiuf
  1748 | D:3      | Reached *** piety under Trog
  1755 | D:3      | Reached XP level 5. HP: 35/47 MP: 4/4
  1757 | D:3      | Reached skill level 5 in Axes
  1851 | D:3      | Reached skill level 5 in Fighting
  2228 | D:3      | Found Finyc's General Store.
  2823 | D:4      | Noticed Sigmund
  2848 | D:4      | Killed Sigmund
  2849 | D:4      | Reached XP level 6. HP: 49/56 MP: 5/5
  3024 | D:4      | Found a staircase to the Ecumenical Temple.
  3074 | D:4      | Reached skill level 6 in Axes
  3228 | D:4      | Reached XP level 7. HP: 62/62 MP: 6/6
  3412 | D:4      | Found a snail-covered altar of Cheibriados.
  3794 | D:5      | Entered Level 5 of the Dungeon
  3807 | D:5      | Reached skill level 7 in Axes
  3819 | D:5      | Reached skill level 5 in Armour
  3845 | D:5      | Reached skill level 8 in Axes
  3852 | D:5      | Reached XP level 8. HP: 36/70 MP: 7/7
  3987 | D:5      | Reached **** piety under Trog
  4056 | D:5      | Noticed Duvessa
  4056 | D:5      | Noticed Dowan
  4069 | D:5      | Killed Duvessa
  4073 | D:5      | Killed Dowan
  4074 | D:5      | Reached skill level 9 in Axes
  4296 | D:5      | Found Xostaguc's Armour Shop.
  4334 | D:5      | Found a stormy altar of Qazlal.
  4709 | D:6      | Found an iron altar of Okawaru.
  4764 | D:6      | Reached skill level 10 in Axes
  4879 | D:6      | Found a hazy altar of Hepliaklqana.
  5072 | D:6      | Reached ***** piety under Trog
  5084 | D:6      | Found a glowing drain.
  5088 | Sewer    | Entered a sewer
  5366 | D:6      | Reached skill level 11 in Axes
  5366 | D:6      | Reached XP level 9. HP: 44/75 MP: 8/8
  5539 | D:6      | Found a hide-covered altar of Uskayaw.
  5836 | D:6      | Noticed Prince Ribbit
  5849 | D:6      | Killed Prince Ribbit
  5850 | D:6      | Reached skill level 12 in Axes
  5939 | D:7      | Found Vaezuikh's Weapon Emporium.
  5954 | D:7      | Found Oguarch's Magic Scroll Shop.
  5960 | D:7      | Bought a scroll of enchant weapon for 97 gold pieces
  5960 | D:7      | Bought a scroll of blinking for 97 gold pieces
  6250 | D:7      | Found Uclulom's Antique Armour Shop.
  6288 | D:7      | Reached skill level 1 in Shields
  6513 | D:7      | Killed an unseen horror
  6557 | D:7      | Found a shimmering blue altar of Sif Muna.
  7025 | D:8      | Reached XP level 10. HP: 63/88 MP: 9/9
  7286 | D:8      | Reached skill level 5 in Shields
  7296 | D:8      | Identified the +3 short sword "Puejakhli" {drain, rElec rF+
                  | Str+5 Int-2}
  7312 | D:8      | Found Foev's Distillery.
  7929 | D:9      | Found an opulent altar of Gozag.
  7990 | D:9      | Received a gift from Trog
  8042 | D:9      | Noticed a smoke demon
  8060 | D:9      | Noticed a green ugly thing
  8076 | D:9      | Killed a green ugly thing
  8120 | D:9      | Found a staircase to the Orcish Mines.
  8360 | D:9      | Reached skill level 10 in Shields
  8633 | D:9      | Reached XP level 11. HP: 82/97 MP: 10/10
  8753 | D:9      | Found a burning altar of Makhleb.
  8753 | D:9      | Noticed a balrug
  8815 | D:9      | Found an ancient bone altar of Kikubaaqudgha.
  9091 | D:9      | Found a shimmering altar of Xom.
  9336 | D:10     | Entered Level 10 of the Dungeon
  9495 | D:10     | Found a staircase to the Lair.
 10011 | D:10     | Received a gift from Trog
 10059 | D:10     | Reached skill level 10 in Fighting
 10801 | Lair:1   | Entered Level 1 of the Lair of Beasts
 10911 | Lair:1   | HP: 2/101 [yak (5)]
 11435 | Lair:1   | Noticed Sonja
 11450 | Lair:1   | Killed Sonja
 11451 | Lair:1   | Reached skill level 13 in Axes
 12127 | Lair:2   | Noticed a wolf spider
 12137 | Lair:2   | Killed a wolf spider
 12288 | Lair:2   | Noticed Gastronok
 12301 | Lair:2   | Noticed a seven-headed hydra
 12303 | Lair:2   | Reached XP level 12. HP: 59/113 MP: 11/11
 12306 | Lair:2   | Killed Gastronok
 12308 | Lair:2   | Slain by a nine-headed hydra

Illustrated notes

Levels and vault maps discovered:
D:1:      dpeg_arrival_tiny_a, layout_basic,
          shapermc_ecumenical_altar_mp_ritualfount, hex_tiny
D:2:      layout_loops_ring, st_stairs_2, uniq_crazy_yiuf_cottage
D:3:      layout_loops_corners, serial_shops, shop_fountains,
          kennysheep_generic_room_3
D:4:      kennysheep_big_flooded_room, layout_loops_corners,
          cheibriados_altar_1, minmay_temple_entry_offerings, uniq_sigmund
D:5:      layout_rooms, grunt_qazlal_sundering, serial_shops,
          nicolae_stop_n_shop_2, uniq_duvessa
D:6:      layout_gridville, nicolae_hepliaklqana_hippocampus,
          okawaru_ov_weapons_minmay, mainiacjoe_overflow_paths,
          gup_sewer_entry_bowl, nicolae_concentric_dashed_squares_mild,
          serial_bayou_lagoon_b, uniq_prince_ribbit1
D:7:      layout_gridville, nicolae_overflow_crystal_walls, serial_shops,
          nicolae_shop_rolling_square, nicolae_shop_bloodbath_and_beyond, shop
D:8:      layout_basic, serial_shops, nicolae_shop_getting_attention
D:9:      layout_stronghold, makhleb_altar_promises_db,
          overflow_temple_1_default,
          nicolae_gozag_cash_rules_everything_around_me,
          lemuel_coloured_pillars_altar, erik_orc_3, serial_co_window_serial,
          co_window_paths_b, co_window_paths_b, co_window_paths_a,
          co_window_corner_a, co_window_corner_a, co_window_of_opportunity_b,
          co_window_2corner, co_window_unsneaky_path_a, co_window_cross_2,
          co_window_corner_cb, glass_columns_a, glass_columns_c
D:10:     layout_loops_corners, lair_entry_dummy, serial_demonic,
          serial_demonic_d, serial_demonic_c, serial_demonic_e, serial_demonic_b
D:11:     layout_basic
Lair:1:   layout_regular_city, gauntlet_entry_generic,
          nicolae_quartered_pool_super, lemuel_fruit_tree, uniq_sonja
Lair:2:   layout_hall_layers, minmay_swamp_entry_worms,
          spider_nest_entry_rubble, grunt_megastairs_5, uniq_urug,
          uniq_gastronok

Skill      XL: |  1  2  3  4  5  6  7  8  9 10 11 |
---------------+----------------------------------+-----
Fighting       | 4 5 8 9 12 | 12.9
Axes           | 4 5 6 8 11 12 13 | 13.3
Armour         | 3 4 5 7 8 9 |  9.8
Dodging        | 3 4 |  4.1
Shields        | 4 11 12 | 12.0

Action                     |  1- 3 |  4- 6 |  7- 9 | 10-12 || total
---------------------------+-------+-------+-------+-------++-------
  Melee: Hand axe          |    79 |    79 |    79 |       ||   237
         Headbutt          |     9 |    12 |    41 |    66 ||   128
         War axe           |       |       |   139 |   355 ||   494
         Executioner's axe |       |       |       |     9 ||     9
 Invoke: Berserk           |       |       |     1 |     3 ||     4
         Trog's Hand       |       |       |       |     5 ||     5
  Evoke: Phantom mirror    |       |       |       |     1 ||     1
    Use: Scroll            |     2 |     6 |    11 |     4 ||    23
         Potion            |       |       |     2 |     5 ||     7
 Armour: Animal skin       |    15 |       |       |       ||    15
         Ring mail         |     1 |       |       |       ||     1
         Scale mail        |       |    26 |       |       ||    26
         Plate armour      |       |    14 |   181 |   202 ||   397
  Dodge: Dodged            |    63 |    30 |    76 |   101 ||   270
  Block: Tower shield      |       |       |    37 |   432 ||   469

Table legend: (Time is in decaauts)
 A = Elapsed time spent in this place.
 B = Non-inter-level travel time spent in this place.
 C = Inter-level travel time spent in this place.
 D = Time resting spent in this place.
 E = Time spent auto-exploring this place.
 F = Levels seen in this place.
 G = Mean time per level.
                   A        B        C        D        E       F      G
               +--------+--------+--------+--------+--------+-----+--------+
         Total |  12514 |  11933 |    581 |   1804 |   6929 |  14 |  893.9 |
       Dungeon |  10949 |  10385 |    564 |   1698 |   6059 |  11 |  995.4 |
          Lair |   1253 |   1237 |     16 |    106 |    666 |   2 |  626.5 |
         Sewer |    311 |    311 |      0 |      0 |    203 |   1 |  311.0 |
               +--------+--------+--------+--------+--------+-----+--------+

Top non-repeatable levels by time:
    D:10: 1764 daAuts
     D:9: 1522 daAuts
     D:4: 1178 daAuts
     D:6: 1150 daAuts
     D:1: 1049 daAuts
     D:7: 947 daAuts
     D:3: 923 daAuts
  Lair:1: 900 daAuts
     D:8: 862 daAuts
     D:5: 846 daAuts
     D:2: 701 daAuts
  Lair:2: 353 daAuts
   Sewer: 311 daAuts
    D:11: 3 daAuts
